MLB
PITTSBURGH PIRATES @ ARIZONA DIAMONDBACKS
06/12/2018
 
TOP OF THE 1ST
Pittsburgh Pirates batting - Pitching for Arizona Diamondbacks : RHP German Marquez
Pitching: RHP German Marquez
Batting: RHB Byron Buxton 0-0: Foul Ball, location: 2F
0-1: Ball
1-1: Foul Ball, location: 2F
1-2: Ball
2-2: Ball
3-2: Strikes out swinging
Batting: RHB Brian Dozier 0-0: Ball
1-0: Called Strike
1-1: Ground out 6-3 (Groundball, 6)
Batting: RHB Carlos Correa 0-0: Foul Ball, location: 2F
0-1: Swinging Strike
0-2: Strikes out swinging
Top of the 1st over - 0 runs, 0 hits, 0 errors, 0 left on base; Pittsburgh 0 - Arizona 0
BOTTOM OF THE 1ST
Arizona Diamondbacks batting - Pitching for Pittsburgh Pirates : RHP Patrick Weigel
Pitching: RHP Patrick Weigel
Batting: SHB Ketel Marte 0-0: Bunt for hit to 23 - play at first, batter safe!
Batting: LHB Odubel Herrera 0-0: Foul Ball, location: 2F
0-1: Foul Ball, location: 2F
0-2: Strikes out swinging
Batting: RHB Nolan Arenado 0-0: Ball
1-0: Grounds into double play, 5-4-3 (Groundball, 56S)
Bottom of the 1st over - 0 runs, 1 hit, 0 errors, 0 left on base; Pittsburgh 0 - Arizona 0
TOP OF THE 2ND
Pittsburgh Pirates batting - Pitching for Arizona Diamondbacks : RHP German Marquez
Batting: LHB Jake Lamb 0-0: Ball
1-0: Foul Ball, location: 2F
1-1: Called Strike
1-2: Ball
2-2: Foul Ball, location: 2F
2-2: Fly out, F6 (Popup, 15S)
Batting: RHB Ryan Zimmerman 0-0: Called Strike
0-1: Fly out, F8 (Flyball, 8RD)
Batting: LHB Jay Bruce 0-0: Ball
1-0: Called Strike
1-1: Ball
2-1: Called Strike
2-2: Strikes out swinging
Top of the 2nd over - 0 runs, 0 hits, 0 errors, 0 left on base; Pittsburgh 0 - Arizona 0
BOTTOM OF THE 2ND
Arizona Diamondbacks batting - Pitching for Pittsburgh Pirates : RHP Patrick Weigel
Batting: LHB Ryan McMahon 0-0: Fly out, F7 (Flyball, 7)
Batting: LHB Josh Reddick 0-0: Called Strike
0-1: Ball
1-1: Ball
2-1: Swinging Strike
2-2: Fly out, F8 (Flyball, 8LXD)
Batting: RHB Christian Walker 0-0: Ball
1-0: Ball
2-0: Foul Ball, location: 2F
2-1: Foul Ball, location: 2F
2-2: Ball
3-2: Base on Balls
Batting: RHB Tim Beckham 0-0: Foul Ball, location: 2F
0-1: Ground out 2-3 (Groundball, 13S)
Bottom of the 2nd over - 0 runs, 0 hits, 0 errors, 1 left on base; Pittsburgh 0 - Arizona 0
TOP OF THE 3RD
Pittsburgh Pirates batting - Pitching for Arizona Diamondbacks : RHP German Marquez
Batting: RHB Carlos Gomez 0-0: Called Strike
0-1: Called Strike
0-2: Ball
1-2: Ball
2-2: Foul Ball, location: 2F
2-2: Ball
3-2: Base on Balls
Batting: RHB Manny Pina 0-0: Ball
1-0: Grounds into double play, 6-4-3 (Groundball, 56)
Batting: RHB Patrick Weigel 0-0: Ground out 5-3 (Groundball, 5D)
Top of the 3rd over - 0 runs, 0 hits, 0 errors, 0 left on base; Pittsburgh 0 - Arizona 0
BOTTOM OF THE 3RD
Arizona Diamondbacks batting - Pitching for Pittsburgh Pirates : RHP Patrick Weigel
Batting: RHB Brian Serven 0-0: Ball
1-0: Ground out U3 (Groundball, 34)
Batting: RHB German Marquez 0-0: Called Strike
0-1: Fly out, F4 (Flyball, 34D)
Batting: SHB Ketel Marte 0-0: Called Strike
0-1: Called Strike
0-2: SINGLE (Line Drive, 7S)
Batting: LHB Odubel Herrera 0-0: Ball
1-0: Ball
2-0: Fly out, F5 (Line Drive, 5)
Bottom of the 3rd over - 0 runs, 1 hit, 0 errors, 1 left on base; Pittsburgh 0 - Arizona 0
TOP OF THE 4TH
Pittsburgh Pirates batting - Pitching for Arizona Diamondbacks : RHP German Marquez
Batting: RHB Byron Buxton 0-0: Ball
1-0: Ball
2-0: Ball
3-0: Called Strike
3-1: Base on Balls
Batting: RHB Brian Dozier 0-0: Foul Ball, location: 2F
0-1: Ball
1-1: Foul Ball, location: 2F
1-2: Hit by Pitch
Byron Buxton to second
Batting: RHB Carlos Correa 0-0: Ball
Byron Buxton steals 3rd baseBrian Dozier to 2nd base
Brian Dozier to second
1-0: Ball
2-0: Called Strike
2-1: Called Strike
2-2: DOUBLE (Flyball, 89XD)
Byron Buxton scores
Brian Dozier scores
Batting: LHB Jake Lamb 0-0: Ball
1-0: Ball
2-0: Called Strike
2-1: Ground out U3 (Groundball, 3)
Carlos Correa to third
Batting: RHB Ryan Zimmerman 0-0: Ball
1-0: Swinging Strike
1-1: Ball
2-1: Ball
3-1: Called Strike
3-2: Ground out 5-3 (Groundball, 56)
Carlos Correa scores
Batting: LHB Jay Bruce 0-0: Ground out 6-3 (Groundball, 4S)
Top of the 4th over - 3 runs, 1 hit, 0 errors, 0 left on base; Pittsburgh 3 - Arizona 0
BOTTOM OF THE 4TH
Arizona Diamondbacks batting - Pitching for Pittsburgh Pirates : RHP Patrick Weigel
Batting: RHB Nolan Arenado 0-0: Called Strike
0-1: Ball
1-1: Called Strike
1-2: Foul Ball, location: 2F
1-2: Fly out, F7 (Flyball, 7S)
Batting: LHB Ryan McMahon 0-0: Foul Ball, location: 2F
0-1: Ground out 4-3 (Groundball, 4)
Batting: LHB Josh Reddick 0-0: Called Strike
0-1: Ball
1-1: Called Strike
1-2: DOUBLE (Line Drive, 7LM)
Batting: RHB Christian Walker 0-0: Ball
1-0: Ball
2-0: Ball
3-0: Called Strike
3-1: Fly out, F7 (Flyball, 78M)
Bottom of the 4th over - 0 runs, 1 hit, 0 errors, 1 left on base; Pittsburgh 3 - Arizona 0
TOP OF THE 5TH
Pittsburgh Pirates batting - Pitching for Arizona Diamondbacks : RHP German Marquez
Batting: RHB Carlos Gomez 0-0: Ball
1-0: Called Strike
1-1: Swinging Strike
1-2: Foul Ball, location: 2F
1-2: Foul Ball, location: 2F
1-2: Ball
2-2: Ground out 1-3 (Groundball, 13)
Batting: RHB Manny Pina 0-0: Called Strike
0-1: Foul Ball, location: 2F
0-2: Ball
1-2: Ball
2-2: SINGLE (Groundball, 6MD)
Batting: RHB Patrick Weigel 0-0: Sac Bunt to 15S - play at first, batter OUT! 1-4
Manny Pina to second
Batting: RHB Byron Buxton 0-0: Ball
1-0: Ball
2-0: Foul Ball, location: 2F
2-1: Swinging Strike
2-2: Strikes out swinging
Top of the 5th over - 0 runs, 1 hit, 0 errors, 1 left on base; Pittsburgh 3 - Arizona 0
BOTTOM OF THE 5TH
Arizona Diamondbacks batting - Pitching for Pittsburgh Pirates : RHP Patrick Weigel
Batting: RHB Tim Beckham 0-0: Bunted foul
0-1: Foul Ball, location: 2F
0-2: Strikes out swinging
Batting: RHB Brian Serven 0-0: Fly out, F7 (Flyball, 7LSF)
Pinch Hitting: SHB Ben Zobrist 0-0: Foul Ball, location: 2F
0-1: Ball
1-1: Foul Ball, location: 2F
1-2: Foul Ball, location: 2F
1-2: Ball
2-2: Ball
3-2: Ground out 4-3 (Groundball, 34)
Bottom of the 5th over - 0 runs, 0 hits, 0 errors, 0 left on base; Pittsburgh 3 - Arizona 0
TOP OF THE 6TH
Pittsburgh Pirates batting - Pitching for Arizona Diamondbacks : RHP German Marquez
Pitching: LHP Joe Thatcher
Batting: RHB Brian Dozier 0-0: Ball
1-0: Foul Ball, location: 2F
1-1: Ball
2-1: Ball
3-1: Called Strike
3-2: Foul Ball, location: 2F
3-2: Strikes out swinging
Batting: RHB Carlos Correa 0-0: DOUBLE (Line Drive, 78D)
Batting: LHB Jake Lamb 0-0: Ball
1-0: Foul Ball, location: 2F
1-1: Ball
Balk!
Carlos Correa to third
2-1: SINGLE (Line Drive, 89S)
Carlos Correa scores
Pitching: LHP Dan Jennings
Batting: RHB Ryan Zimmerman 0-0: Grounds into double play, 3-6-3 (Groundball, 34)
Top of the 6th over - 1 run, 2 hits, 0 errors, 0 left on base; Pittsburgh 4 - Arizona 0
BOTTOM OF THE 6TH
Arizona Diamondbacks batting - Pitching for Pittsburgh Pirates : RHP Patrick Weigel
Batting: SHB Ketel Marte 0-0: Called Strike
0-1: Ball
1-1: Called Strike
1-2: Ground out 6-3 (Groundball, 6)
Batting: LHB Odubel Herrera 0-0: Fly out, F4 (Popup, 23)
Batting: RHB Nolan Arenado 0-0: Foul Ball, location: 2F
0-1: Ball
1-1: Swinging Strike
1-2: Strikes out swinging
Bottom of the 6th over - 0 runs, 0 hits, 0 errors, 0 left on base; Pittsburgh 4 - Arizona 0
TOP OF THE 7TH
Pittsburgh Pirates batting - Pitching for Arizona Diamondbacks : LHP Dan Jennings
Pitching: RHP Riley Ferrell
Batting: LHB Jay Bruce 0-0: Swinging Strike
0-1: Foul Ball, location: 2F
0-2: Ball
1-2: Ball
2-2: SINGLE (Groundball, 4S) (infield hit)
Pitching: RHP Nick Gardewine
Batting: RHB Carlos Gomez 0-0: Ball
Jay Bruce is caught stealing 2nd base 2-4
1-0: Ball
2-0: Ground out 5-3 (Groundball, 56S)
Batting: RHB Manny Pina 0-0: Ball
1-0: SINGLE (Line Drive, 34)
Batting: RHB Patrick Weigel 0-0: Fielders Choice at 2nd, 6-4 (Groundball, 6)
Top of the 7th over - 0 runs, 2 hits, 0 errors, 1 left on base; Pittsburgh 4 - Arizona 0
BOTTOM OF THE 7TH
Arizona Diamondbacks batting - Pitching for Pittsburgh Pirates : RHP Patrick Weigel
Batting: LHB Ryan McMahon 0-0: Called Strike
0-1: Ball
1-1: Called Strike
1-2: Ball
2-2: Strikes out swinging
Batting: LHB Josh Reddick 0-0: Called Strike
0-1: Ball
1-1: Ground out 1-3 (Groundball, 15S)
Batting: RHB Christian Walker 0-0: Ball
1-0: Foul Ball, location: 2F
1-1: Called Strike
1-2: Strikes out swinging
Bottom of the 7th over - 0 runs, 0 hits, 0 errors, 0 left on base; Pittsburgh 4 - Arizona 0
TOP OF THE 8TH
Pittsburgh Pirates batting - Pitching for Arizona Diamondbacks : RHP Nick Gardewine
Pitching: RHP Zach Petrick
Batting: RHB Byron Buxton 0-0: Called Strike
0-1: Ball
1-1: Called Strike
1-2: Ball
2-2: Ball
3-2: Foul Ball, location: 2F
3-2: Foul Ball, location: 2F
3-2: Base on Balls
Pitching: RHP Jairo Diaz
Batting: RHB Brian Dozier 0-0: Called Strike
Byron Buxton steals 2nd base (no throw)
0-1: Ball
1-1: Ball
2-1: Fly out, F5 (Popup, 5F)
Pitching: RHP Shawn Armstrong
Batting: RHB Carlos Correa 0-0: Ball
1-0: Called Strike
1-1: Foul Ball, location: 2F
1-2: Foul Ball, location: 2F
1-2: Foul Ball, location: 2F
1-2: Foul Ball, location: 2F
1-2: Ball
Wild Pitch!
Byron Buxton to third
2-2: Foul Ball, location: 2F
2-2: Foul Ball, location: 2F
2-2: Ground out 5-3 (Groundball, 56)
Byron Buxton scores
Batting: LHB Jake Lamb 0-0: Ball
1-0: Ball
2-0: Called Strike
2-1: Foul Ball, location: 2F
2-2: Strikes out looking
Top of the 8th over - 1 run, 0 hits, 0 errors, 0 left on base; Pittsburgh 5 - Arizona 0
BOTTOM OF THE 8TH
Arizona Diamondbacks batting - Pitching for Pittsburgh Pirates : RHP Patrick Weigel
Batting: RHB Tim Beckham 0-0: Ball
1-0: Foul Ball, location: 2F
1-1: Ball
2-1: Fly out, F8 (Flyball, 8LS)
Batting: RHB Brian Serven 0-0: Ball
1-0: Ball
2-0: Fly out, F3 (Popup, 3S)
Batting: RHB Shawn Armstrong 0-0: Ball
1-0: Ball
2-0: Ball
3-0: Called Strike
3-1: Called Strike
3-2: Strikes out swinging
Bottom of the 8th over - 0 runs, 0 hits, 0 errors, 0 left on base; Pittsburgh 5 - Arizona 0
TOP OF THE 9TH
Pittsburgh Pirates batting - Pitching for Arizona Diamondbacks : RHP Shawn Armstrong
Batting: RHB Ryan Zimmerman 0-0: Ball
1-0: Ball
2-0: SINGLE (Flyball, 8LS)
Batting: LHB Jay Bruce 0-0: Ball
1-0: Called Strike
1-1: Swinging Strike
1-2: Ball
2-2: Ball
3-2: Foul Ball, location: 2F
3-2: Strikes out swinging
Batting: RHB Carlos Gomez 0-0: Foul Ball, location: 2F
0-1: Foul Ball, location: 2F
0-2: Foul Ball, location: 2F
0-2: Strikes out swinging
Batting: RHB Manny Pina 0-0: Ball
1-0: Called Strike
1-1: Fly out, F9 (Flyball, 9)
Top of the 9th over - 0 runs, 1 hit, 0 errors, 1 left on base; Pittsburgh 5 - Arizona 0
BOTTOM OF THE 9TH
Arizona Diamondbacks batting - Pitching for Pittsburgh Pirates : RHP Patrick Weigel
Batting: SHB Ketel Marte 0-0: Ball
1-0: Foul Ball, location: 2F
1-1: Ball
2-1: SINGLE (Line Drive, 8RS)
Pitching: LHP Patrick Corbin
Batting: LHB Odubel Herrera 0-0: Foul Ball, location: 2F
0-1: Ball
1-1: Ground out 1-3 (Groundball, 34S)
Ketel Marte to second
Batting: RHB Nolan Arenado 0-0: Ball
1-0: Ball
Passed Ball!
Ketel Marte to third
2-0: Ball
3-0: Foul Ball, location: 2F
3-1: Base on Balls
Batting: LHB Ryan McMahon 0-0: Fly out, F8 (Flyball, 8LXD)
Runner from 3rd tags up, SCORES, no throw by CF
Batting: LHB Josh Reddick 0-0: Called Strike
0-1: Fielders Choice at 2nd, 6-4 (Groundball, 56)
Bottom of the 9th over - 1 run, 1 hit, 0 errors, 1 left on base; Pittsburgh 5 - Arizona 1
Monday, August 20th, 2018 - OOTP Baseball 19.8 Build 70